 Dungeon Crawl Stone Soup version 0.13.1-2-gfb2c2b7 (webtiles) character file.

980 Fv001 the Insei (level 7, -24/42 HPs)
             Began as a Gargoyle Monk on Dec 1, 2013.
             Was a Believer of Okawaru.
             Killed from afar by Pikel the fire drake (28 damage)
             ... with a blast of flame
             ... on Level 5 of the Dungeon.
             The game lasted 00:22:28 (4207 turns).

Fv001 the Ruffian (Gargoyle Monk)                   Turns: 4207, Time: 00:22:29

HP -24/42        AC 13     Str 16      XL: 7   Next: 81%
MP   6/6         EV  9     Int 11      God: Okawaru [**....]
Gold 215         SH 11     Dex 17      Spells:  0 memorised,  6 levels left

Res.Fire  : . . .   See Invis. : .   A - +0 mace
Res.Cold  : . . .   Warding    : .   d - +0 orc scale mail
Life Prot.: + . .   Conserve   : .   t - +0 elf buckler
Res.Poison: +       Res.Corr.  : .   (no helmet)
Res.Elec. : +       Clarity    : +   h - +0 cloak
Sust.Abil.: . .     Spirit.Shd : .   (no gloves)
Res.Mut.  : .       Stasis     : .   (no boots)
Res.Rott. : +       Flight     : .   w - amulet of clarity
Saprovore : . . .                    x - +1 ring of evasion
                                     m - +5 ring of dexterity

@: slightly resistant to hostile enchantments, unstealthy
A: fangs 1, talons 2, life protection 1, electricity resistance, slow metabolism
1, unbreathing, petrification resistance, AC +4
a: Heroism, Renounce Religion


You were on level 5 of the Dungeon.
You worshipped Okawaru.
Okawaru was pleased with you.
You were not hungry.

You visited 2 branches of the dungeon, and saw 6 of its levels.

You collected 215 gold pieces.

Inventory:

Hand weapons
 A - a +0,+0 mace (weapon)
Missiles
 f - 29 darts (quivered)
 r - 69 stones
Armour
 d - a +0 orcish scale mail (worn)
 h - a +0 cloak (worn)
 s - a +1 pair of boots
 t - a +0 elven buckler (worn)
Magical devices
 i - a wand of confusion (0)
 j - a wand of digging (15)
 u - a wand of polymorph (9)
Comestibles
 b - 3 bread rations
 o - a rotting chunk of worker ant flesh
 z - 2 meat rations
Scrolls
 a - 3 scrolls of remove curse
 c - 2 scrolls of curse weapon {unknown}
 k - a scroll of enchant armour {unknown}
 l - a scroll of curse jewellery {unknown}
 n - a scroll of fear
 v - a scroll of noise {unknown}
 y - 2 scrolls of teleportation
Jewellery
 m - a +5 ring of dexterity (left hand)
 w - an amulet of clarity (around neck)
 x - a +1 ring of evasion (right hand)
Potions
 q - a potion of berserk rage {unknown}
 B - 2 potions of restore abilities {unknown}
 C - a potion of invisibility {unknown}


   Skills:
 + Level 4.7 Fighting
 + Level 2.6 Maces & Flails
 * Level 4.6 Armour
 + Level 3.2 Dodging
 + Level 4.4 Stealth
 * Level 3.4 Shields
 - Level 4.9 Unarmed Combat


You had 6 spell levels left.
You didn't know any spells.

Dungeon Overview and Level Annotations

Branches:
Dungeon (5/27)             Temple (1/1) D:5

Altars:
Ashenzari
Cheibriados
Elyvilon
Fedhas
Kikubaaqudgha
Makhleb
Nemelex Xobeh
Okawaru
Sif Muna
Trog
Vehumet
Yredelemnul
Zin
the Shining One

Annotations:
D:5 Pikel


Innate Abilities, Weirdness & Mutations

You are resistant to torment.
You are immune to poison.
Your stone body is very resilient (AC +4).
You have very sharp teeth.
You have razor-sharp toenails.
You resist negative energy.
You are resistant to electric shocks.
You have a slow metabolism.
You can survive without breathing.
You are immune to petrification.


Message History

Pikel constricts you. You block the slave's attack.
You escape Pikel's grasp.
Evoke which item? (* to show all) (? for menu, Esc to quit)
Zapping:
u - a wand of polymorph {zapped: 1}
Press: ? - help, Shift-Dir - straight line, f/p - Pikel
Aim: Pikel the octopode, wielding a whip of electrocution (heavily wounded) Pikel the octopode evaporates and reforms as a fire drake!
Pikel hisses menacingly.
Drink which item? (? for menu, Esc to quit)
You feel better. You block Pikel's attack.
You miss Pikel. Pikel breathes fire at you. The blast of flame hits you!
Your scroll of amnesia catches fire!
* * * LOW HITPOINT WARNING * * *
You hit Pikel but do no damage. Your kick misses Pikel.
Pikel breathes fire at you. The blast of flame hits you!
Your scroll of curse armour catches fire!
Ouch! That really hurt!
You die...

#...#####... #...#....#####
#.............
#...#.......# #...##.#....#
#...##.#....# ##'###......#
#.# ###....#######.
########.# #..@.#@......
.........######.@l#........
..................@@..[....
'###.#..≈≈≈..#....#......(.
..##.#.≈§§≈≈.#....####....
..##..≈§≈≈≈≈≈#....# ###
..##..≈≈≈>§§≈#'####
####.#≈§≈≈≈§§...#
#.#.≈≈§≈≈..).####


You could see Pikel the fire drake and 3 slaves.

Vanquished Creatures
  A phantom (D:5)
  2 ogres
  A gnoll sergeant (D:5)
  An orc priest (D:3)
  2 orc wizards
  A giant frog skeleton (D:5)
  A scorpion (D:5)
  6 worker ants
  6 adders
  3 worms
  A giant eyeball (D:5)
  4 giant geckos
  3 oozes
  11 orcs
  A ball python (D:4)
  8 bats
  4 hobgoblins
  8 kobolds
  3 quokkas
  5 giant cockroaches
  6 giant newts
  15 goblins
  A kobold skeleton (D:5)
  12 rats
106 creatures vanquished.

Vanquished Creatures (others)
  7 plants (D:4)
7 creatures vanquished.

Grand Total: 113 creatures vanquished

Notes
Turn   | Place    | Note
--------------------------------------------------------------
     0 | D:1      | Fv001, the Gargoyle Monk, began the quest for the Orb.
     0 | D:1      | Reached XP level 1. HP: 12/12 MP: 0/0
   115 | D:1      | Reached skill level 1 in Armour
   115 | D:1      | Reached XP level 2. HP: 17/17 MP: 1/1
   396 | D:1      | Reached XP level 3. HP: 20/22 MP: 2/2
   871 | D:2      | Reached XP level 4. HP: 24/27 MP: 3/3
  1176 | D:3      | Found a shattered altar of Ashenzari.
  1704 | D:3      | Reached XP level 5. HP: 14/32 MP: 4/4
  2427 | D:4      | Reached skill level 1 in Shields
  2537 | D:4      | Noticed an ogre
  2589 | D:4      | Killed an ogre
  2589 | D:4      | Reached skill level 1 in Maces & Flails
  2589 | D:4      | Reached XP level 6. HP: 8/37 MP: 5/5
  3184 | D:4      | Noticed a hungry ghost
  3219 | D:5      | Entered Level 5 of the Dungeon
  3350 | D:5      | Found a staircase to the Ecumenical Temple.
  3368 | Temple   | Entered the Ecumenical Temple
  3409 | Temple   | Became a worshipper of Warmaster Okawaru
  3409 | Temple   | Acquired Okawaru's first power
  3576 | D:5      | Reached XP level 7. HP: 33/41 MP: 6/6
  4152 | D:5      | Paralysed by a giant eyeball for 4 turns
  4191 | D:5      | Noticed Pikel
  4192 | D:5      | Noticed Pikel
  4192 | D:5      | Pikel changed into Pikel the octopode
  4204 | D:5      | Noticed Pikel
  4204 | D:5      | Pikel the octopode changed into Pikel the fire drake
  4207 | D:5      | Killed from afar by Pikel the fire drake

Action                   |  1- 3 |  4- 6 |  7- 9 || total
-------------------------+-------+-------+-------++-------
Melee: Unarmed           |    94 |   100 |       ||   194
       Mace              |       |    67 |   100 ||   167
Throw: Dart              |     4 |    34 |     1 ||    39
Invok: Heroism           |       |       |     1 ||     1
Evoke: Wand              |       |    10 |     3 ||    13
  Use: Scroll            |     3 |     2 |       ||     5
       Potion            |       |     4 |     2 ||     6
 Stab: Sleeping          |     1 |       |     1 ||     2
       Confused          |       |     1 |       ||     1
